 Dungeon Crawl Stone Soup version 0.32-a0-128-g77eb882913 (webtiles) character file.

Game seed: 11268811218251281937

280 holysushi the Chiller (level 6, 0/36 HPs)
             Began as an Octopode Ice Elementalist on Feb 7, 2024.
             Slain by a gnoll
             ... wielding a +0 spear
              (5 damage)
             ... on level 4 of the Dungeon.
             The game lasted 00:09:59 (4628 turns).

holysushi the Chiller (Octopode Ice Elementalist)   Turns: 4628, Time: 00:09:59

Health: 0/36       AC:  1    Str:  7    XL:     6   Next: 27%
Magic:  9/10       EV: 13    Int: 20    God:
Gold:   174        SH:  0    Dex: 12    Spells: 4/10 levels left

rFire   . . .        i - +0 dagger (speed)
rCold   . . .        (no shield)
rNeg    . . .        (helmet restricted)
rPois   .            (no amulet)
rElec   .            c - ring of willpower
rCorr   .            (no ring)
SInv    .            (no ring)
Will    +....        (no ring)
Stlth   +++          (no ring)
HPRegen 0.26/turn    (no ring)
MPRegen 0.12/turn    (no ring)
                     (no ring)

%: no passive effects
@: no status effects
A: almost no armour, amphibious, 8 rings, camouflage 1, gelatinous body 1,
(nimble swimmer 1), tentacles
a: no special abilities


You were on level 4 of the Dungeon.
You visited 1 branch of the dungeon, and saw 4 of its levels.

You collected 246 gold pieces.
You spent 72 gold pieces at shops.

Inventory:

Hand Weapons
 i - a +0 dagger of speed (weapon)
Jewellery
 c - a ring of willpower (left tentacle)
 l - an amulet of regeneration
Scrolls
 b - a scroll of vulnerability {unknown}
 d - a scroll of brand weapon
 e - a scroll of teleportation
 j - 2 scrolls of identify {unknown}
Potions
 a - a potion of magic
 f - 2 potions of curing {unknown}
 g - a potion of heal wounds
 h - a potion of ambrosia {unknown}
 k - a potion of might {unknown}


   Skills:
 + Level 0.6 Short Blades
 + Level 2.4 Dodging
 + Level 3.4 Stealth
 + Level 2.8 Spellcasting
 + Level 6.5 Ice Magic


You had 4 spell levels left.
You knew the following spells:

 Your Spells              Type           Power      Damage    Failure   Level
a - Freeze                Ice            100%       1d10      1%          1
b - Frozen Ramparts       Ice            58%        1d9       3%          3
c - Ensorcelled Hibernat  Hex/Ice        30%        N/A       6%          2

Your spell library contained the following spells:

 Spells                   Type           Power      Damage    Failure   Level
 Ozocubu's Armour         Ice            29%        N/A       3%          3
 Summon Ice Beast         Ice/Summ       15%        N/A       12%         3
 Summon Small Mammal      Summ           8%         N/A       14%         1
 Lesser Beckoning         Tloc           4%         N/A       22%         2
 Call Canine Familiar     Summ           2%         N/A       41%         3
 Gell's Gravitas          Tloc           2%         N/A       41%         3
 Passwall                 Erth           2%         N/A       41%         3
 Swiftness                Air            2%         N/A       41%         3
 Teleport Other           Tloc           2%         N/A       41%         3
 Summon Blazeheart Golem  Fire/Summ      2%         N/A       82%         4


Dungeon Overview and Level Annotations

Branches:
Dungeon (4/15) Zot: 19384
 Temple: D:4-7

Altars:
Elyvilon

Shops:
D:1 :   D:3 =!=!(

Annotations:
D:3 Eustachio


Innate Abilities, Weirdness & Mutations

You cannot wear most types of armour.
You are amphibious.
You can wear up to eight rings at the same time.
Your skin changes colour to match your surroundings (Stealth+).
Your rubbery body absorbs attacks. (AC +1, EV +1)
((You are camouflaged when in or above water. (Stealth+)))
You have tentacles for arms and can constrict up to eight enemies at once.


Message History

A gnoll is nearby!
A gnoll is nearby!
A gnoll is nearby!
A gnoll comes into view. It is wielding a +0 spear.
Casting: Freeze (safe; 1% risk of failure)
Confirm with . or Enter, or press ? or * to list all spells.
Casting: Frozen Ramparts (dangerous; 3% risk of failure)
Press: ? - help, Dir - look around, f - activate
Okay, then.
Casting: Frozen Ramparts (dangerous; 3% risk of failure)
Confirm with . or Enter, or press ? or * to list all spells.
Casting: Frozen Ramparts (dangerous; 3% risk of failure)
Press: ? - help, Dir - look around, f - activate The walls around you are covered in ice.
The gnoll shouts! x2
A gnoll comes into view.
It is wielding a +0 spear and quivering a throwing net.
The wall freezes the gnoll!
You hit the gnoll.
You kill the gnoll!
The wall freezes the gnoll but does no damage.
The gnoll closely misses you.
The gnoll throws a throwing net.
The throwing net hits you.
You become entangled in the net!
You tear a large gash into the net.
The wall freezes the gnoll!
The gnoll hits you from afar with a +0 spear!
You struggle against the net.
The wall freezes the gnoll!
You kill the gnoll!
The wall freezes the gnoll.
The gnoll hits you from afar with a +0 spear!
You rip the net and break free!
The frozen ramparts melt away.
The gnoll hits you from afar with a +0 spear!
The gnoll attacks as it pursues you!
The gnoll hits you from afar with a +0 spear.
* * * LOW HITPOINT WARNING * * *
The gnoll attacks as it pursues you! The gnoll closely misses you.
The gnoll attacks as it pursues you!
The gnoll hits you from afar with a +0 spear.
* * * LOW HITPOINT WARNING * * *
The gnoll attacks as it pursues you!
The gnoll hits you from afar with a +0 spear.
You die...

## #.... #.#.# ## ..##.#.##
#.#.#.##### #. ......
#.#.#....... #.
##.##.#.#####.#........#.###. .
.............................
..##.##.#.#####.#######..#.....
....##.#.#####g# #..#.###.
#.......##.##.# #..#####†
.##...#...##..@.# #........
..........##.#### #..######
.######)..##.# ##.....###
..)...#.# #......... ##..####.#
#.......## ..#...#.# #.......#
..# ##.#.# #.......# ...
#.#.#########.......# #...
#.#.##..............#


You could see a gnoll.

Vanquished Creatures
  A hound (D:4)
  Natasha (twice) (D:4)
  Robin (D:2)
  4 adders
  6 gnolls
  4 dart slugs
  6 bats
  7 endoplasms
  4 giant cockroaches
  8 goblins
  10 hobgoblins
  8 jackals
  5 quokkas
  6 ball pythons
  3 frilled lizards
  6 kobolds
  5 rats
86 creatures vanquished.

Notes
Turn   | Place    | Note
-------+----------+-------------------------------------------
     0 | D:1      | holysushi the Octopode Ice Elementalist began the quest for
                  | the Orb.
     0 | D:1      | Reached XP level 1. HP: 11/11 MP: 3/3
   256 | D:1      | Found Jiqex's Book Boutique.
   288 | D:1      | Reached XP level 2. HP: 17/17 MP: 3/5
  1110 | D:2      | Reached XP level 3. HP: 17/21 MP: 2/6
  2087 | D:2      | Learned a level 3 spell: Frozen Ramparts
  2160 | D:2      | Found a white marble altar of Elyvilon.
  2324 | D:2      | Reached skill level 5 in Ice Magic
  2603 | D:2      | Noticed Robin
  2608 | D:2      | Reached XP level 4. HP: 22/27 MP: 3/7
  2612 | D:2      | Killed Robin
  3162 | D:3      | Found Wacsoups's Jewellery Shop.
  3313 | D:3      | Found Ketari's Jewellery Boutique.
  3331 | D:3      | Found Tekonkek's Distillery.
  3343 | D:3      | Reached XP level 5. HP: 27/31 MP: 2/8
  3346 | D:3      | Reached skill level 6 in Ice Magic
  3348 | D:3      | HP: 1/31 [gnoll/+0 halberd (12)]
  3530 | D:3      | Bought a potion of heal wounds for 60 gold pieces
  3530 | D:3      | Bought a potion of degeneration for 12 gold pieces
  3549 | D:3      | Found Vaca's Antique Weapon Shoppe.
  3669 | D:3      | Found Fomonocumn's Distillery.
  3787 | D:4      | Noticed Eustachio
  3793 | D:3      | Learned a level 2 spell: Ensorcelled Hibernation
  4309 | D:4      | Noticed Natasha
  4316 | D:4      | Killed Natasha
  4317 | D:4      | Reached XP level 6. HP: 30/36 MP: 5/10
  4437 | D:4      | Noticed Natasha
  4462 | D:4      | Killed Natasha
  4628 | D:4      | Slain by a gnoll

Illustrated notes

Levels and vault maps discovered:
D:1:      lightli_arrival_quake, layout_loops_corners, serial_shops, shop,
          minmay_worlds_worst_comb
D:2:      layout_loops_ring, basic_altar, kennysheep_generic_room_11, uniq_robin
D:3:      layout_rooms, serial_shops, shop, nicolae_shop_scrapyard,
          nicolae_shop_tiny_real_fake_doors, nicolae_shop_rolling_square, shop
D:4:      layout_basic, serial_library_hellmonk_statue_hall, uniq_eustachio,
          uniq_natasha

Skill      XL: |  1  2  3  4  5 |
---------------+----------------+-----
Stealth        | 3 |  3.4
Ice Magic      | 5 6 |  6.5
Short Blades   | |  0.6
Dodging        | |  2.4
Spellcasting   | |  2.8

Action                     |  1- 3 |  4- 6 || total
---------------------------+-------+-------++-------
  Melee: Unarmed           |     7 |       ||     7
         Constrict         |     8 |     6 ||    14
         Tentacles         |     3 |    10 ||    13
         Dagger            |    12 |    45 ||    57
         Punch             |     1 |     3 ||     4
   Cast: Freeze            |    40 |    14 ||    54
         Frozen Ramparts   |     3 |     9 ||    12
         Ensorcelled Hiber |       |     3 ||     3
    Use: Scroll            |       |     5 ||     5
   Stab: Sleeping          |     3 |     9 ||    12
         Distracted        |       |     1 ||     1
 Armour: Skin              |    21 |    28 ||    49
  Dodge: Dodged            |    38 |    34 ||    72

Table legend: (Time is in decaauts)
 A = Elapsed time spent in this place.
 B = Non-inter-level travel time spent in this place.
 C = Inter-level travel time spent in this place.
 D = Time resting spent in this place.
 E = Time spent auto-exploring this place.
 F = Levels seen in this place.
 G = Mean time per level.
                   A        B        C        D        E       F      G
               +--------+--------+--------+--------+--------+-----+--------+
         Total |   4615 |   4525 |     90 |   1557 |   2185 |   4 | 1153.8 |
       Dungeon |   4615 |   4525 |     90 |   1557 |   2185 |   4 | 1153.8 |
               +--------+--------+--------+--------+--------+-----+--------+

Top non-repeatable levels by time:
     D:2: 2125 daAuts
     D:1: 1090 daAuts
     D:4: 790 daAuts
     D:3: 609 daAuts
